Map: Base du roi Sejong EC

Players

Bash

  • Race: Protoss Protoss
  • League: Platinum
  • Spawn Location: 5:00

zidar - Winner!

  • Race: Zerg Zerg
  • League: Platinum
  • Spawn Location: 11:00

VOD

Have the link to the VOD?

Description

Time

  • Played on: Nov. 13, 2016, 3:02 p.m.
  • Length: 7:13
Show
View Real Time Build Order
Export as new Build Order

Bash Protoss 

Build Orders: 1 Gate Expand 

Get SALT Encoding   

  12  0:03  Probe (Chrono Boost)  
  13  0:13  Probe (Chrono Boost)  
  14  0:31  Pylon  
  14  0:34  Probe (Chrono Boost)  
  15  0:49  Probe (Chrono Boost)  
  16  1:00  Gateway, Probe (Chrono Boost)  
  17  1:18  Nexus  
  17  1:28  Probe (Chrono Boost)  
  18  1:33  Pylon  
  18  1:41  Pylon  
  18  1:48  Zealot (Chrono Boost)  
  18  1:50  Cybernetics Core  
  20  2:04  Probe  
  21  2:10  Gateway  
  21  2:13  Zealot (Chrono Boost)  
  23  2:25  Assimilator  
  23  2:28  Assimilator  
  23  2:29  Pylon  
  23  2:30  Probe (Chrono Boost)  
  24  2:55  Probe x2 (Chrono Boost)  
  25  3:10  Zealot  
  25  3:11  Zealot  
  29  3:15  Assimilator  
  29  3:18  Assimilator  
  29  3:22  Gateway  
  29  3:23  Warp Gate (Chrono Boost)  
  29  3:24  Gateway  
  29  3:33  Probe  
  29  3:34  Probe  
  31  3:41  Adept  
  31  3:42  Adept  
  35  3:57  Mothership Core, Probe  
  38  4:08  Probe  
  39  4:17  Adept  
  39  4:18  Probe x2  
  43  4:26  Stalker  
  43  4:30  Probe  
  21  5:19  Probe  
  12  5:31  Probe  
  11  5:42  Probe  
  11  5:43  Probe  
  11  5:53  Probe  
  11  5:55  Probe  
  13  6:03  Sentry  
  15  6:07  Probe  
  16  6:16  Sentry  
  18  6:20  Probe  
  19  6:29  Adept  
  21  6:42  Sentry  
  21  6:43  Sentry  
Show
View Real Time Build Order
Export as new Build Order

zidar Zerg - Winner!

Build Orders: Pool First 

Get SALT Encoding   

  12  0:02  Drone  
  13  0:12  Overlord  
  13  0:17  Drone  
  14  0:30  Drone x2  
  16  0:44  Spawning Pool  
  16  0:48  Drone  
  16  1:13  Hatchery  
  16  1:15  Drone  
  16  1:17  Extractor  
  15  1:23  Drone  
  16  1:34  Queen  
  16  1:36  Drone  
  19  1:45  Evolution Chamber  
  18  2:04  Drone  
  19  2:10  Queen  
  21  2:19  Metabolic Boost  
  21  2:32  Drone x4  
  25  2:44  Extractor  
  24  2:56  Zergling x2  
  24  2:57  Zergling x6  
  28  3:29  Baneling Nest  
  27  3:35  Drone  
  27  3:37  Overlord x3  
  27  3:39  Pneumatized Carapace  
  28  4:12  Lair  
  28  4:14  Drone x5  
  33  4:19  Spore Crawler  
  32  4:45  Zergling x20  
  27  5:25  Zergling x14  
  29  5:52  Zergling x8  
  33  6:06  Queen  
Tags
 
Add a new tag
Caveats
  • Supply blocks, unpowered buildings, or Contaminate may cause inaccurate times.
  • Supply counts are checked every 10 seconds.